 Dungeon Crawl Stone Soup version 0.23-a0-612-gcb482e9 (console) character file.

672959 Duffy the Archmage (level 27, -3/165 HPs)
             Began as a Deep Elf Wizard on Dec 20, 2018.
             Was the Champion of Vehumet.
             Slain by an angel
             ... wielding a +1 sacred scourge of holy wrath
              (15 damage)
             ... on level 12 of a ziggurat on Dec 21, 2018.
             The game lasted 03:16:09 (83644 turns).

Duffy the Archmage (Deep Elf Wizard)               Turns: 83644, Time: 03:16:10

Health: -3/165     AC: 22    Str:  4    XL:     27
Magic:  15/56      EV: 20    Int: 37    God:    Vehumet [******]
Gold:   4885       SH:  6    Dex: 13    Spells: 14/80 levels left

rFire    + . .     SeeInvis +   a - staff of conjuration
rCold    + . .     Gourm    .   F - +1 buckler {AC+3}
rNeg     + + +     Faith    .   Q - +2 robe {Archmagi}
rPois    +         Spirit   .   q - -2 hat of the Alchemist {rElec rPois rF+ rC+ rN+ MR+ rMut rCorr}
rElec    +         Reflect  .   G - +2 cloak of the Thief {+Fog Slay-2 SInv Stlth+}
rCorr    +         Harm     .   E - +3 pair of gauntlets of War {Slay+5}
rMut     +                      T - +2 pair of boots {run}
MR       +++..                  M - amulet of magic regeneration
Stlth    +.........             h - ring of Hueraor {rPois rN++ Stlth-}
HPRegen  0.37/turn              H - +6 ring of protection
MPRegen  0.60/turn

@: very slightly contaminated, glowing, studying 2 skills, quick
A: no striking features
}: 4/15 runes: serpentine, barnacled, slimy, silver
a: Renounce Religion, Evoke Fog


You were on level 12 of a ziggurat.
You worshipped Vehumet.
Vehumet was exalted by your worship.
You were not hungry.

You visited 11 branches of the dungeon, and saw 53 of its levels.
You visited 2 bazaars.
You visited 1 ziggurat, and saw 12 of its levels.
You also visited: Trove, Gauntlet and Ice Cave.

You collected 8470 gold pieces.
You spent 3585 gold pieces at shops.

Inventory:

Armour
 q - the -2 hat of the Alchemist (worn) {rElec rPois rF+ rC+ rN+ MR+ rMut rCorr}
   (You acquired it on level 4 of the Shoals)

   It protects you from fire.
   It protects you from cold.
   It insulates you from electricity.
   It protects you from poison.
   It protects you from negative energy.
   It affects your resistance to hostile enchantments.
   It provides partial protection from all sources of acid and corrosion.
   It protects you from mutation.
 E - the +3 pair of gauntlets of War (worn) {Slay+5}
   (You found it in a treasure trove)

   It affects your accuracy and damage with ranged weapons and melee attacks
   (+5).
 F - a +1 buckler of protection (worn)
 G - the +2 cloak of the Thief (worn) {+Fog Slay-2 SInv Stlth+}
   (You found it on level 3 of the Crypt)

   It affects your accuracy and damage with ranged weapons and melee attacks
   (-2).
   It lets you see invisible.
   It makes you more stealthy.
 Q - a +2 robe of the Archmagi (worn)
 T - a +2 pair of boots of running (worn)
Magical Staves
 a - an uncursed staff of conjuration (weapon)
 b - an uncursed staff of energy
Jewellery
 h - the ring of Hueraor (left hand) {rPois rN++ Stlth-}
   (You bought it in a shop on level 2 of the Orcish Mines)

   [ring of attention]

   It protects you from poison.
   It greatly protects you from negative energy.
   It makes you less stealthy.
 o - the amulet of Bodily Harmony {rN++ Regen+ SInv}
   (You found it on level 11 of a ziggurat)

   [amulet of regeneration]

   It greatly protects you from negative energy.
   It lets you see invisible.
   It increases your rate of regeneration.
 D - an uncursed ring of see invisible
 H - a +6 ring of protection (right hand)
 M - an amulet of magic regeneration (around neck)
Wands
 e - a wand of digging (12)
 y - a wand of acid (38)
 N - a wand of iceblast (17)
Scrolls
 c - 18 scrolls of teleportation
 n - 26 scrolls of remove curse
 u - 10 scrolls of immolation
 x - 12 scrolls of blinking
 C - 9 scrolls of fear
 I - 2 scrolls of summoning
 L - 6 scrolls of fog
 P - 15 scrolls of identify
Potions
 f - 2 potions of cancellation
 g - 2 potions of magic
 i - 9 potions of flight
 p - 12 potions of heal wounds
 w - 20 potions of curing
 z - 5 potions of ambrosia
 A - 4 potions of invisibility
 B - 7 potions of brilliance
 K - 5 potions of resistance
 O - 5 potions of haste
 Y - 5 potions of mutation
Books
 l - a manual of
Armour
 X - a manual of Necromancy
Miscellaneous
 j - 3 phantom mirrors
 m - a fan of gales
 W - a crystal ball of energy
Comestibles
 d - 62 rations


   Skills:
 - Level 15.0 Fighting
 + Level 6.0 Armour
 - Level 12.5 Dodging
 - Level 2.4 Stealth
 - Level 4.1 Shields
 O Level 27 Spellcasting
 - Level 20.0 Conjurations
 - Level 6.0 Charms
   Level 1.1 Summonings
 + Level 11.3 Necromancy
 - Level 17.0 Translocations
 - Level 20.0 Fire Magic
 - Level 6.0 Air Magic
 - Level 20.0 Earth Magic
   Level 8.0 Poison Magic
 - Level 15.5 Evocations


You had 14 spell levels left.
You knew the following spells:

 Your Spells              Type           Power        Failure   Level  Hunger
b - Sublimation of Blood  Necr           ########..   0%          2    None
c - Controlled Blink      Tloc           N/A          2%          8    None
g - Shatter               Erth           ########..   3%          9    #......
h - Bolt of Fire          Conj/Fire      #########.   0%          6    None
i - Ignition              Fire           ########..   1%          8    None
j - Lehudib's Crystal Sp  Conj/Erth      #########.   1%          8    None
k - Fireball              Conj/Fire      #########.   0%          5    None
l - Fire Storm            Conj/Fire      #########.   3%          9    #......
m - Deflect Missiles      Chrm/Air       #######...   4%          6    None
y - Regeneration          Chrm/Necr      ########..   1%          3    None
B - Blink                 Tloc           N/A          0%          2    None

Your spell library contained the following spells:

 Spells                   Type           Power        Failure   Level  Hunger
 Chain Lightning          Conj/Air       ########..   3%          8    None
 Glaciate                 Conj/Ice       ########..   80%         9    #......
 Animate Skeleton         Necr           N/A          0%          1    None
 Apportation              Tloc           ######       0%          1    None
 Flame Tongue             Conj/Fire      #####        0%          1    None
 Magic Dart               Conj           ####         0%          1    None
 Pain                     Necr           ####         0%          1    None
 Sandblast                Erth           ######       0%          1    None
 Shock                    Conj/Air       ####         0%          1    None
 Sting                    Conj/Pois      ####         0%          1    None
 Corpse Rot               Necr           N/A          0%          2    None
 Passwall                 Tmut/Erth      ########     0%          2    None
 Shroud of Golubria       Chrm/Tloc      ########..   0%          2    None
 Throw Flame              Conj/Fire      ######       0%          2    None
 Conjure Flame            Conj/Fire      ########     0%          3    None
 Gell's Gravitas          Tloc           ########..   0%          3    None
 Inner Flame              Hex/Fire       ########     0%          3    None
 Lesser Beckoning         Tloc           ########..   0%          3    None
 Mephitic Cloud           Conj/Pois/Air  ########     0%          3    None
 Static Discharge         Conj/Air       ########     0%          3    None
 Stone Arrow              Conj/Erth      ######       0%          3    None
 Teleport Other           Tloc           ########     0%          3    None
 Vampiric Draining        Necr           ########..   0%          3    None
 Passage of Golubria      Tloc           N/A          0%          4    None
 Sticky Flame             Conj/Fire      ########     0%          4    None
 Bolt of Draining         Conj/Necr      #########.   0%          5    None
 Bolt of Magma            Conj/Fire/Erth #########.   0%          5    None
 Lee's Rapid Deconstruct  Erth           ########..   0%          5    None
 Iron Shot                Conj/Erth      #########.   0%          6    None
 Beastly Appendage        Tmut           ######       1%          1    None
 Confusing Touch          Hex            ######       1%          1    None
 Corona                   Hex            ######.      1%          1    None
 Infusion                 Chrm           ####         1%          1    None
 Summon Small Mammal      Summ           ####         1%          1    None
 Call Imp                 Summ           ######..     1%          2    None
 Poisonous Vapours        Pois/Air       ######       1%          2    None
 Slow                     Hex            ######..     1%          2    None
 Song of Slaying          Chrm           #######.     1%          2    None
 Sticks to Snakes         Tmut           ######..     1%          2    None
 Swiftness                Chrm/Air       #######.     1%          2    None
 Confuse                  Hex            ######..     1%          3    None
 Ignite Poison            Fire/Tmut/Pois ########     1%          3    None
 Ozocubu's Armour         Chrm/Ice       #######.     1%          3    None
 Portal Projectile        Hex/Tloc       ######       1%          3    None
 Recall                   Summ/Tloc      N/A          1%          3    None
 Spectral Weapon          Hex/Chrm       #######.     1%          3    None
 Spider Form              Tmut/Pois      #######...   1%          3    None
 Summon Guardian Golem    Hex/Summ       ######..     1%          3    None
 Airstrike                Air            #######...   1%          4    None
 Animate Dead             Necr           N/A          1%          4    None
 Fulminant Prism          Conj/Hex       ########..   1%          4    None
 Leda's Liquefaction      Hex/Erth       ########..   1%          4    None
 Olgreb's Toxic Radiance  Pois           ########     1%          4    None
 Petrify                  Tmut/Erth      ########     1%          4    None
 Agony                    Necr           ########     1%          5    None
 Alistair's Intoxication  Tmut/Pois      #######.     1%          5    None
 Borgnjor's Vile Clutch   Necr/Erth      ########..   1%          5    None
 Dispel Undead            Necr           ########     1%          5    None
 Excruciating Wounds      Chrm/Necr      ########..   1%          5    None
 Irradiate                Conj/Tmut      ########..   1%          5    None
 Iskenderun's Battlesphe  Conj/Chrm      ########     1%          5    None
 Lightning Bolt           Conj/Air       ########..   1%          5    None
 Summon Forest            Summ/Tloc      ########..   1%          5    None
 Venom Bolt               Conj/Pois      ########..   1%          5    None
 Conjure Ball Lightning   Conj/Air       ########..   1%          6    None
 Death Channel            Necr           ########..   1%          6    None
 Freezing Cloud           Conj/Ice/Air   ########..   1%          6    None
 Poison Arrow             Conj/Pois      ########..   1%          6    None
 Statue Form              Tmut/Erth      ########.    1%          6    None
 Orb of Destruction       Conj           #########.   1%          7    None
 Ring of Flames           Chrm/Fire      ########..   1%          7    None
 Spellforged Servitor     Conj/Summ      ########..   1%          7    None
 Disjunction              Tloc           ########..   2%          8    None
 Cause Fear               Hex            ######....   3%          4    None
 Ice Form                 Ice/Tmut       ######..     3%          4    None
 Silence                  Hex/Air        #######...   3%          5    None
 Yara's Violent Unravell  Hex/Tmut       ######....   3%          5    None
 Simulacrum               Ice/Necr       #######...   6%          6    None
 Aura of Abjuration       Summ           ######....   7%          5    None
 Summon Demon             Summ           ######....   7%          5    None
 Summon Mana Viper        Hex/Summ       ######..     9%          5    None
 Blade Hands              Tmut           ######....   11%         5    None
 Metabolic Englaciation   Hex/Ice        ######....   11%         5    None
 Ozocubu's Refrigeration  Ice            ######....   16%         6    None
 Shadow Creatures         Summ           N/A          36%         6    None
 Hydra Form               Tmut           ######....   50%         6    None
 Summon Hydra             Summ           ######....   90%         7    None
 Dragon Form              Tmut           ######....   97%         7    None
 Tornado                  Air            #######...   99%         9    #......
 Discord                  Hex            ######....   100%        8    None
 Dragon's Call            Summ           ######....   100%        9    #......


Dungeon Overview and Level Annotations

Branches:
Dungeon (15/15)            Temple (1/1) D:6            Lair (6/6) D:10
 Shoals (4/4) Lair:2        Snake (4/4) Lair:3        Slime (5/5) Lair:6
    Orc (2/2) D:11            Elf (3/3) Orc:2        Vaults (5/5) D:14
  Crypt (3/3) Vaults:3       Tomb (0/3) Crypt:3      Depths (5/5) D:15
    Zot (0/5) Depths:5

Altars:
Ashenzari
Cheibriados
Dithmenos
Elyvilon
Fedhas
Gozag
Hepliaklqana
Kikubaaqudgha
Makhleb
Nemelex Xobeh
Okawaru
Qazlal
Ru
Sif Muna
Trog
Uskayaw
Vehumet
Wu Jian
Xom
Yredelemnul
Zin
The Shining One

Shops:
D:13 !   D:14 !   Orc:2 }?:!(%=   Snake:1 !   Vaults:2 =   Vaults:3 }
Depths:1 :((   Depths:3 =   Depths:4 =}=

Portals:
Hell: Lair:6 Depths:1 Depths:2 Depths:3 Depths:4 Depths:5
Abyss: Depths:1 Depths:4 Depths:5
Pandemonium: Orc:2 Depths:3 Depths:4 Depths:5

Annotations:
Elf:2 3 runed doors, exclusion: 3 doors


Message History

You feel your power returning.
The angel no longer looks unusually strong.
The angel gestures.
The angel is healed somewhat.
The angel hits you with a +2 whip of holy wrath.
The angel barely misses you.
Casting: Shatter (slightly dangerous; 3% risk of failure)
Confirm with . or Enter, or press ? or * to list all spells.
You feel a surge of power!
The dungeon rumbles!
The angel is almost dead.
You kill the angel!
Vehumet accepts your kill.
You feel your power returning.
Your Armour skill increases to level 6!
The angel gestures.
The angel is healed somewhat.
The angel hits you with a +2 whip of holy wrath! x2
The angel hits you with a +1 sacred scourge of holy wrath!
You die...

########### #.....000.#
#.....A@0.# #.....0A0.#
#######.........#######
#.........)...........#
#...).................#
#=)[.))...0..0........#
#\$|......0~~.........#
#>|=).(...~.0........\#
#\?})GA...~~~.........#


You could see 2 angels.

Vanquished Creatures
  the Royal Jelly (Slime:5)
  2 ancient liches
  Mennas (Crypt:1)
  A juggernaut (Depths:1)
  Sojobo (Depths:5)
  Boris (Crypt:3)
  Frederick (Crypt:1)
  Margery (Vaults:3)
  Vashnia (Snake:2)
  Saint Roka (Snake:2)
  2 Killer Klowns (Zig:5)
  4 golden dragons
  the Enchantress (Depths:2)
  A pearl dragon (Zig:12)
  Jory (Vaults:3)
  3 bone dragons
  A shard shrike zombie (Crypt:1)
  The ghost of Nr616 the Executioner, an adept MiBe of Trog (Shoals:4)
  3 tentacled monstrosities
  6 liches
  4 deep elf blademasters
  2 quicksilver dragons
  3 titans
  3 ancient champions (Crypt:1)
  The ghost of pidr the Unseen, an adept OpAs of Gozag (Shoals:3)
  14 acid blobs
  The ghost of EnegeticOcto the Warrior, an adept HuAK of Lugonu (Shoals:4)
  Frances (Snake:1)
  4 sphinxes
  4 deep elf master archers (Elf:3)
  8 shadow dragons
  8 storm dragons
  Kirke (Lair:6)
  A revenant (Crypt:2)
  A draconian monk (Depths:5)
  8 tengu reavers
  8 azure jellies (Slime:5)
  Roxanne (Elf:3)
  The ghost of Amnesiac the Imperceptible, an adept SpEn of Dithmenos (Shoals:4)
  11 nagarajas
  11 fire giants
  A daeva (Zig:12)
  10 deep elf sorcerers
  11 frost giants
  Louise (Snake:1)
  A ghost moth (Zig:8)
  A draconian scorcher (Zig:9)
  15 vault wardens
  3 emperor scorpions
  2 curse skulls
  3 angels
  A draconian stormcaller (Zig:9)
  19 ironheart preservers
  2 orc warlords (Orc:2)
  2 ghouls
  8 war gargoyles
  3 draconian shifters (Zig:9)
  A juggernaut skeleton (Depths:3)
  4 reapers (Zig:10)
  5 spriggan defenders
  5 deep elf elementalists
  5 ophanim (Zig:12)
  24 very ugly things
  2 green draconians (Depths:5)
  2 apis (Zig:12)
  30 stone giants
  5 entropy weavers
  8 deep elf demonologists
  A dire elephant (Lair:6)
  6 vampire knights
  A lorocyproca (Zig:11)
  A minotaur (Gauntlet)
  2 bennus (Zig:4)
  3 red draconians
  2 black draconians (Depths:5)
  10 deep elf annihilators
  4 white draconians (Zig:9)
  12 spark wasps
  Azrael (Orc:2)
  3 purple draconians (Depths:5)
  3 yellow draconians
  12 death oozes
  11 fire dragons
  2 merfolk javelineers (Shoals:4)
  3 mummy priests (Zig:4)
  7 deep elf death magi
  5 eidola
  3 crystal guardians (Crypt:3)
  16 ettins
  13 great orbs of eyes
  12 merfolk impalers
  A quicksilver dragon zombie (Crypt:3)
  Josephine (D:11)
  22 yaktaur captains
  5 deep elf high priests
  10 hydras
  11 ice dragons
  23 ogre magi
  7 jiangshi
  28 vault guards
  4 spriggan air magi
  4 rakshasas
  18 naga warriors
  A hell beast (Depths:2)
  2 merfolk avatars (Shoals:3)
  12 anacondas
  8 centaur warriors
  An anaconda (shapeshifter) (Zig:5)
  A catoblepas (D:14)
  4 merfolk aquamancers
  39 two-headed ogres
  An alligator snapping turtle (Shoals:4)
  4 death knights
  13 deep troll earth magi
  A two-headed ogre (shapeshifter) (Depths:1)
  10 deep troll shamans
  19 dancing weapons
  9 spriggan berserkers
  6 orc high priests
  9 tengu warriors
  10 naga sharpshooters
  The ghost of Duffy the Thaumaturge, a journeyman DEFE of Vehumet (D:9)
  A thrashing horror (Zig:11)
  3 vampire magi
  3 shock serpents
  Sonja (Lair:6)
  A soul eater (Orc:2)
  The ghost of confidenceinterval the Summoner, a novice MfSu of Okawaru (D:9)
  21 deep elf knights
  15 hell knights
  2 wretched stars (Zig:11)
  7 shadow wraiths
  6 salamander mystics
  6 iron trolls
  A fire crab (shapeshifter) (Vaults:5)
  An iron troll (shapeshifter) (Depths:4)
  2 unseen horrors
  A shadow demon (Depths:4)
  A golden dragon zombie (Crypt:3)
  5 flayed ghosts
  A spark wasp zombie (Depths:2)
  2 titan skeletons (Crypt:3)
  46 skeletal warriors
  A spatial maelstrom (Zig:11)
  2 anaconda zombies
  An infernal demonspawn (Orc:2)
  42 deep trolls
  A gelid demonspawn (Orc:2)
  7 cherubim (Zig:12)
  6 wizards
  A torturous demonspawn (Orc:2)
  17 deep elf archers
  An orange crystal statue (Lair:4)
  5 glowing orange brains
  13 sea snakes
  8 phantasmal warriors
  9 ironbrand convokers
  17 necromancers
  6 wolf spiders
  59 deep elf magi
  A tengu skeleton (Depths:2)
  10 naga ritualists
  15 harpies
  2 shadow dragon zombies
  3 anaconda skeletons (Crypt:3)
  An iron dragon zombie (Crypt:2)
  2 orb spiders
  6 oklob plants
  A wolf spider zombie (D:12)
  16 orc knights
  A frost giant zombie (Crypt:3)
  3 fauns (Shoals:1)
  A mana viper (shapeshifter) (Depths:2)
  10 mana vipers
  12 orc sorcerers
  6 cyclopes
  A fire giant zombie (Vaults:4)
  2 orb spiders (shapeshifter)
  53 ugly things
  A stone giant zombie (Crypt:1)
  5 shining eyes
  An iron dragon skeleton (Depths:3)
  10 manticores
  10 salamanders
  A worldbinder (Zig:11)
  4 merfolk sirens
  A frost giant skeleton (Depths:2)
  A sphinx skeleton (Crypt:2)
  A torpor snail (shapeshifter) (Zig:5)
  28 black mambas
  A dire elephant zombie (Crypt:3)
  2 guardian serpents (shapeshifter)
  5 water nymphs
  10 guardian serpents
  23 naga magi
  Psyche (D:8)
  3 apocalypse crabs
  7 vault sentinels
  An eye of devastation (shapeshifter) (Vaults:5)
  An eye of devastation (Lair:6)
  6 ice statues
  6 rust devils
  3 smoke demons
  19 spiny frogs
  A spriggan zombie (Depths:2)
  A black draconian zombie (Crypt:1)
  4 komodo dragons (shapeshifter)
  9 komodo dragons
  4 orange demons
  A storm dragon simulacrum (Crypt:2)
  2 kobold demonologists
  A hellion (Zig:10)
  85 yaktaurs
  An emperor scorpion zombie (Crypt:2)
  2 efreet
  An ancient zyme (Zig:6)
  8 freezing wraiths
  6 rime drakes
  A redback zombie (Crypt:1)
  4 demonic crawlers
  A human skeleton (Vaults:1)
  6 ice devils
  5 tengu conjurers
  An anaconda simulacrum (IceCv)
  A guardian mummy (Zig:4)
  4 harpy zombies (Shoals:4)
  A hellwing (Orc:2)
  A white draconian skeleton (Crypt:2)
  2 red devils
  11 trolls
  A jumping spider (shapeshifter) (Depths:1)
  2 jumping spiders
  24 merfolk
  2 polar bears
  6 hornets
  12 hippogriffs
  2 dream sheep (shapeshifter)
  A wolf spider simulacrum (Vaults:1)
  2 wind drakes
  42 slime creatures
  A fire giant simulacrum (Crypt:1)
  A frost giant simulacrum (Depths:3)
  2 ettin zombies
  9 dream sheep
  7 blink frogs
  Prince Ribbit (D:8)
  8 small abominations
  A hydra skeleton (Crypt:2)
  A raiju (Zig:11)
  10 snapping turtles
  3 starcursed masses (Zig:11)
  37 flying skulls
  2 spriggans (shapeshifter)
  8 spriggans
  A shadow (Crypt:1)
  6 air elementals
  A tarantella (shapeshifter) (Depths:3)
  3 vampires (D:15)
  2 redbacks
  4 tarantellas
  Eustachio (D:4)
  16 water elementals
  11 wraiths
  A hog (shapeshifter) (Depths:1)
  8 hogs
  12 humans
  An ettin skeleton (Crypt:1)
  48 yaks
  An elf simulacrum (Depths:2)
  4 basilisks
  13 fire elementals
  A steam dragon (D:13)
  3 chaos spawn
  A steam dragon (shapeshifter) (Vaults:1)
  A yaktaur simulacrum (Vaults:1)
  2 hungry ghosts (D:13)
  A neqoxec (Zig:11)
  A gelid demonspawn zombie (Crypt:1)
  4 harpy simulacra (IceCv)
  An iron troll simulacrum (IceCv)
  An acid dragon (Vaults:1)
  2 insubstantial wisps
  56 nagas
  8 wargs
  8 large abominations
  A soldier ant (shapeshifter) (Depths:3)
  A swamp worm (shapeshifter) (Vaults:5)
  3 hydra simulacra (IceCv)
  11 water moccasins
  Duvessa (D:6)
  A spiny frog zombie (Crypt:3)
  63 orc warriors
  A floating eye (Depths:4)
  9 hell hounds
  4 porcupines (Lair:4)
  A gelid demonspawn skeleton (Crypt:2)
  A human zombie (Vaults:1)
  8 ice beasts
  7 sky beasts
  3 black bears
  6 eyes of draining
  2 phantoms
  4 necrophages
  A swamp dragon skeleton (Crypt:3)
  19 centaurs
  43 ogres
  6 boggarts
  18 wolves
  A centaur (shapeshifter) (Vaults:2)
  A dream sheep skeleton (Crypt:1)
  An elf skeleton (Vaults:4)
  11 crocodiles
  A draconian zombie (Crypt:1)
  A rime drake skeleton (Crypt:2)
  Blork the orc (D:10)
  14 bullfrogs
  8 big kobolds
  A hippogriff zombie (Shoals:4)
  Dowan (D:6)
  5 gnoll sergeants (D:11)
  4 earth elementals
  A wyvern skeleton (D:15)
  7 scorpions
  A water moccasin skeleton (D:8)
  2 human simulacra (Vaults:1)
  3 electric eels (Lair:2)
  5 howler monkeys
  5 crimson imps
  A wolf skeleton (Crypt:1)
  2 bullfrog zombies
  4 centaur zombies
  2 lava snakes (Lair:4)
  3 quasits (D:4)
  8 hounds
  9 jellies
  28 orc wizards
  6 centaur skeletons
  25 orc priests
  A bullfrog skeleton (D:6)
  6 iron imps
  Ijyb (D:3)
  3 iguanas
  6 hell rats (Lair:5)
  A killer bee zombie (D:5)
  A lightning spire (Zig:7)
  10 worker ants
  2 hound zombies
  A hound skeleton (D:4)
  2 mummies (Zig:4)
  A howler monkey zombie (D:5)
  10 gnolls
  7 adders
  3 shadow imps
  An ufetubus (Vaults:4)
  17 oozes
  An adder skeleton (D:4)
  3 worms
  2 dart slugs
  A lava snake skeleton (Crypt:1)
  4 leopard geckos
  120 orcs
  2 ball pythons
  9 bats
  2 bat zombies
  4 giant cockroaches
  11 goblins
  5 hobgoblins
  4 jackals (D:5)
  9 quokkas
  5 frilled lizards
  A giant cockroach zombie (Crypt:2)
  2 jackal skeletons (D:5)
  A jackal zombie (D:5)
  14 kobolds
  2 leopard gecko skeletons
  A quokka skeleton (D:4)
  8 rats
  A rat zombie (D:2)
  2 bushes
  5 crawling corpses (Vaults:5)
  39 fire vortices
  6 fungi
  9 plants
2636 creatures vanquished.

Vanquished Creatures (collateral kills)
  A hornet (Depths:5)
  A merfolk (Shoals:3)
  A water elemental (Shoals:3)
  An ogre (D:7)
  A worm (D:2)
  An orc (D:7)
6 creatures vanquished.

Vanquished Creatures (others)
  A shadow wraith (Vaults:1)
  An ancient zyme (Zig:11)
  A water elemental (Elf:1)
  A human (D:14)
  An orc warrior (Elf:1)
  43 fire vortices
  28 fungi
  7 plants
  4 withered plants (Shoals:4)
87 creatures vanquished.

Grand Total: 2729 creatures vanquished

Notes
Turn   | Place    | Note
-------+----------+-------------------------------------------
     0 | D:1      | Duffy the Deep Elf Wizard began the quest for the Orb.
     0 | D:1      | Reached XP level 1. HP: 10/10 MP: 7/7
   179 | D:1      | Reached XP level 2. HP: 16/16 MP: 6/9
   827 | D:2      | Reached skill level 1 in Fighting
   827 | D:2      | Reached XP level 3. HP: 20/20 MP: 2/11
   900 | D:2      | Learned a level 2 spell: Blink
   904 | D:2      | Learned a level 3 spell: Conjure Flame
   908 | D:2      | Learned a level 3 spell: Mephitic Cloud
   911 | D:2      | Learned a level 2 spell: Call Imp
  1274 | D:2      | Found a burning altar of Makhleb.
  1330 | D:2      | Reached skill level 5 in Spellcasting
  1569 | D:2      | Found an ancient bone altar of Kikubaaqudgha.
  1700 | D:2      | Reached XP level 4. HP: 25/25 MP: 0/13
  2091 | D:2      | Found a faded altar of an unknown god.
  2263 | D:3      | Found a shadowy altar of Dithmenos.
  2774 | D:3      | Noticed Ijyb
  2826 | D:3      | Killed Ijyb
  2826 | D:3      | Reached XP level 5. HP: 30/30 MP: 5/14
  3352 | D:3      | Reached skill level 1 in Shields
  3794 | D:4      | Noticed an orc warrior
  3991 | D:4      | Noticed a centaur
  4007 | D:4      | Killed a centaur
  4007 | D:4      | Reached XP level 6. HP: 27/35 MP: 1/16
  4224 | D:4      | Noticed Eustachio
  4746 | D:4      | Reached skill level 6 in Spellcasting
  4841 | D:4      | Killed Eustachio
  5009 | D:5      | Entered Level 5 of the Dungeon
  5014 | D:5      | Reached XP level 7. HP: 40/40 MP: 12/18
  5495 | D:5      | Reached skill level 7 in Spellcasting
  5657 | D:5      | Reached XP level 8. HP: 30/46 MP: 4/21
  5879 | D:5      | Reached skill level 5 in Conjurations
  6432 | D:5      | Reached skill level 8 in Spellcasting
  6755 | D:6      | Reached XP level 9. HP: 44/52 MP: 10/23
  6892 | D:6      | Found a staircase to the Ecumenical Temple.
  6905 | Temple   | Entered the Ecumenical Temple
  7244 | Temple   | Became a worshipper of Vehumet
  7309 | D:6      | Reached skill level 9 in Spellcasting
  7717 | D:6      | Noticed Duvessa
  7737 | D:6      | Noticed Dowan
  7745 | D:6      | Killed Duvessa
  7745 | D:6      | Reached skill level 5 in Fighting
  7745 | D:6      | Reached skill level 5 in Dodging
  7748 | D:6      | Killed Dowan
  8086 | D:6      | Noticed an oklob plant
  8110 | D:6      | Reached * piety under Vehumet
  8110 | D:6      | Offered knowledge of Sting by Vehumet.
  8120 | D:6      | Reached skill level 1 in Evocations
  9078 | D:7      | Reached skill level 10 in Spellcasting
  9425 | D:7      | Reached XP level 10. HP: 42/59 MP: 20/26
 10249 | D:8      | Noticed Prince Ribbit
 10266 | D:8      | Killed Prince Ribbit
 10425 | D:8      | Offered knowledge of Flame Tongue by Vehumet.
 10535 | D:8      | Reached ** piety under Vehumet
 10615 | D:8      | Reached skill level 11 in Spellcasting
 10796 | D:8      | Noticed Psyche
 10819 | D:8      | Killed Psyche
 10819 | D:8      | Reached skill level 5 in Evocations
 11327 | D:8      | Found an iron altar of Okawaru.
 12053 | D:9      | Learned a level 5 spell: Fireball
 12117 | D:8      | Learned a level 4 spell: Sticky Flame
 12217 | D:9      | Offered knowledge of Searing Ray by Vehumet.
 12274 | D:9      | Got a polished rapier
 12353 | D:9      | Reached skill level 1 in Fire Magic
 12569 | D:9      | Learned a level 3 spell: Regeneration
 12749 | D:9      | Identified the +3 rapier of Punishment {freeze, Int+4
                  | Dex+2} (You found it on level 9 of the Dungeon)
 12828 | D:9      | Found a runed gate.
 12829 | D:9      | Found a runed gate.
 12829 | D:9      | Found a runed gate.
 12830 | D:9      | Noticed confidenceinterval's ghost (novice MfSu)
 12831 | D:9      | Noticed Duffy's ghost (journeyman DEFE)
 13200 | D:10     | Entered Level 10 of the Dungeon
 13213 | D:10     | Reached skill level 5 in Fire Magic
 13323 | D:10     | Reached *** piety under Vehumet
 13766 | D:10     | Noticed a skeletal warrior
 13810 | D:10     | Killed a skeletal warrior
 13810 | D:10     | Reached XP level 11. HP: 64/64 MP: 1/28
 13822 | D:10     | Noticed a skeletal warrior
 14127 | D:10     | Noticed a two-headed ogre
 14132 | D:10     | Killed a two-headed ogre
 14393 | D:10     | Found a staircase to the Lair.
 14397 | D:10     | Noticed a skeletal warrior
 14409 | D:10     | Noticed a skeletal warrior
 14415 | D:9      | Killed a skeletal warrior
 14656 | D:10     | Noticed Blork the orc
 14672 | D:10     | Killed Blork the orc
 14676 | D:10     | Found a deep blue altar of Sif Muna.
 14926 | D:10     | Killed a skeletal warrior
 15217 | D:10     | Found a staircase to the Lair.
 15552 | D:10     | Killed a skeletal warrior
 15782 | D:10     | Found a deep blue altar of Sif Muna.
 15908 | Lair:1   | Entered Level 1 of the Lair of Beasts
 17545 | Lair:1   | Offered knowledge of Airstrike by Vehumet.
 17545 | Lair:1   | Reached skill level 10 in Dodging
 18213 | Lair:2   | Found a gate leading to a gauntlet.
 18237 | Gauntlet | Entered a Gauntlet
 18237 | Gauntlet | Found a transporter.
 18237 | Gauntlet | Found a transporter.
 18246 | Gauntlet | Found a transporter.
 18275 | Gauntlet | Found a transporter.
 18288 | Gauntlet | Found a transporter.
 18290 | Gauntlet | Found a transporter.
 18305 | Gauntlet | Found a transporter.
 18306 | Gauntlet | Found a transporter.
 18306 | Gauntlet | Noticed a tengu warrior
 18310 | Gauntlet | Found a transporter.
 18333 | Gauntlet | Found a transporter.
 18334 | Gauntlet | Noticed an obsidian statue
 18383 | Gauntlet | Noticed a large abomination
 18384 | Gauntlet | Found a transporter.
 18413 | Gauntlet | Found a transporter.
 18415 | Gauntlet | Noticed a death ooze
 18464 | Gauntlet | Noticed an unseen horror
 18474 | Gauntlet | Noticed an orb spider
 18474 | Gauntlet | an unseen horror changed into an orb spider
 18475 | Gauntlet | an orb spider changed into a snapping turtle
 18568 | Gauntlet | Killed a large abomination
 18568 | Gauntlet | Reached XP level 12. HP: 73/73 MP: 4/29
 18720 | Gauntlet | Killed a death ooze
 18838 | Gauntlet | Killed a tengu warrior
 19027 | Gauntlet | Noticed a minotaur
 19041 | Gauntlet | Killed a minotaur
 19189 | Gauntlet | Got a smoking hunting sling
 19241 | Lair:2   | Identified the +6 hunting sling of Fanguoh {velocity, Str+2
                  | Int+3 SInv} (You found it in a Gauntlet)
 19518 | Lair:2   | Noticed a seven-headed hydra
 19533 | Lair:2   | Killed a seven-headed hydra
 19841 | Lair:2   | Found a staircase to the Shoals.
 20759 | Lair:3   | Noticed an eight-headed hydra
 21031 | Lair:3   | Reached **** piety under Vehumet
 21265 | Lair:3   | Killed an eight-headed hydra
 21467 | Lair:3   | Found a blossoming altar of Fedhas.
 21495 | Lair:3   | Reached skill level 10 in Fighting
 21741 | Lair:3   | Found a staircase to the Snake Pit.
 22267 | Lair:4   | Offered knowledge of Bolt of Draining by Vehumet.
 22371 | Lair:3   | Learned a level 5 spell: Bolt of Draining
 22552 | Lair:4   | Reached skill level 1 in Necromancy
 22739 | Lair:4   | Reached XP level 13. HP: 82/82 MP: 6/30
 24101 | Lair:4   | Reached skill level 5 in Necromancy
 24687 | Lair:5   | Reached skill level 10 in Evocations
 24688 | Lair:5   | Reached skill level 1 in Charms
 24690 | Lair:5   | Reached ***** piety under Vehumet
 24875 | Lair:5   | Offered knowledge of Poison Arrow by Vehumet.
 25076 | Lair:5   | Learned a level 6 spell: Poison Arrow
 26128 | Lair:5   | Identified the Papyrus of Lucky Translocation
 26156 | Lair:5   | Reached skill level 13 in Spellcasting
 26156 | Lair:5   | Reached XP level 14. HP: 88/88 MP: 30/33
 26208 | Lair:6   | Entered Level 6 of the Lair of Beasts
 26208 | Lair:6   | Found a staircase to the Slime Pits.
 26483 | Lair:5   | Reached skill level 1 in Poison Magic
 26620 | Lair:6   | Noticed Sonja
 26622 | Lair:6   | Killed Sonja
 26920 | Lair:6   | Reached skill level 14 in Spellcasting
 27383 | Lair:6   | Noticed Kirke
 27390 | Lair:6   | Killed Kirke
 27390 | Lair:6   | Reached skill level 10 in Conjurations
 28349 | Lair:6   | Reached XP level 15. HP: 92/92 MP: 19/35
 29099 | Lair:6   | Reached skill level 5 in Poison Magic
 29699 | Lair:6   | Found a burning altar of Makhleb.
 29705 | Lair:6   | Found a gateway to Hell.
 30070 | Lair:4   | Reached skill level 16 in Spellcasting
 30070 | Lair:4   | Reached XP level 16. HP: 97/97 MP: 35/38
 30244 | D:9      | Killed Duffy's ghost
 30248 | D:9      | Killed confidenceinterval's ghost
 30757 | D:11     | Noticed Josephine
 30760 | D:11     | Killed Josephine
 31260 | D:11     | Offered knowledge of Bolt of Fire by Vehumet.
 31282 | D:10     | Learned a level 6 spell: Bolt of Fire
 31500 | D:11     | Found a staircase to the Orcish Mines.
 32034 | Orc:1    | Entered Level 1 of the Orcish Mines
 32062 | Orc:1    | Reached skill level 17 in Spellcasting
 32382 | Orc:2    | Entered Level 2 of the Orcish Mines
 32387 | Orc:2    | Found a staircase to the Elven Halls.
 32972 | Orc:1    | Offered knowledge of Orb of Destruction by Vehumet.
 33063 | Orc:2    | Learned a level 7 spell: Orb of Destruction
 33445 | Orc:2    | Found Istruhues's Jewellery Shop.
 33505 | Orc:2    | Found Luezeil's Gadget Shoppe.
 33977 | Orc:2    | Noticed Azrael
 33997 | Orc:2    | Killed Azrael
 34480 | Orc:2    | Found Masebboqe's Magic Scroll Shop.
 35409 | Orc:2    | Found Wita's Distillery.
 35411 | Orc:2    | Found Jesteen's Food Emporium.
 36755 | Orc:2    | Found Xunokk Cewo's Book Shop.
 36755 | Orc:2    | Found Wumnyhah's Antique Weapon Boutique.
 36755 | Orc:2    | Found a one-way gate leading to the halls of Pandemonium.
 36812 | Orc:2    | Bought a potion of cancellation for 96 gold pieces
 36812 | Orc:2    | Bought 2 potions of ambrosia for 192 gold pieces
 36812 | Orc:2    | Bought a potion of mutation for 96 gold pieces
 36812 | Orc:2    | Bought a potion of heal wounds for 60 gold pieces
 36812 | Orc:2    | Bought a potion of heal wounds for 60 gold pieces
 37040 | D:12     | Offered knowledge of Irradiate by Vehumet.
 37049 | D:12     | Reached skill level 18 in Spellcasting
 37162 | D:12     | Reached skill level 10 in Fire Magic
 38474 | D:13     | Found Mel Load's Distillery.
 39031 | D:14     | Reached XP level 17. HP: 92/102 MP: 41/41
 39175 | D:14     | Found Sygiaz's Distillery.
 39192 | D:14     | Learned a level 6 spell: Deflect Missiles
 39238 | D:14     | Reached skill level 1 in Air Magic
 39738 | D:14     | Found a gate to the Vaults.
 39791 | D:15     | Entered Level 15 of the Dungeon
 39839 | D:15     | Found a flickering gateway to a bazaar.
 39848 | Bazaar   | Entered a bazaar
 39848 | Bazaar   | Found Noujul's Food Shoppe.
 39874 | Bazaar   | Found Ifuvea's Antique Weapon Shoppe.
 39879 | Bazaar   | Found Cuaj's Jewellery Boutique.
 39886 | Bazaar   | Found Tekuur's Gadget Emporium.
 39921 | Bazaar   | Bought a wand of digging (3) for 154 gold pieces
 39921 | Bazaar   | Bought a wand of iceblast (8) for 132 gold pieces
 40031 | D:15     | Offered knowledge of Conjure Ball Lightning by Vehumet.
 40305 | D:15     | Found a shattered altar of Ashenzari.
 40385 | D:15     | Reached skill level 5 in Charms
 40727 | D:15     | Found a staircase to the Depths.
 41249 | Elf:1    | Entered Level 1 of the Elven Halls
 41259 | Elf:1    | Reached skill level 5 in Air Magic
 41460 | Elf:1    | Found a radiant altar of Vehumet.
 42763 | D:4      | Identified the +2 robe of Cotoud {-Cast rC+ rN++ Dex-3}
                  | (You found it on level 4 of the Dungeon)
 43993 | Elf:1    | Learned a level 8 spell: Ignition
 43997 | Elf:2    | Reached skill level 19 in Spellcasting
 44210 | Elf:2    | Noticed a Tzitzimitl
 44410 | Elf:2    | Found a runed gate.
 44410 | Elf:2    | Found a runed gate.
 44411 | Elf:2    | Found a runed gate.
 44661 | Elf:3    | Entered Level 3 of the Elven Halls
 44908 | Elf:3    | Offered knowledge of Freezing Cloud by Vehumet.
 45362 | Elf:3    | Noticed Roxanne
 45514 | Elf:3    | Killed Roxanne
 45514 | Elf:3    | Reached XP level 18. HP: 107/107 MP: 41/43
 46483 | Elf:3    | Reached skill level 20 in Spellcasting
 46629 | Elf:3    | Identified the +1 ring mail of Vehumet's Supremacy {*Slow
                  | +Inv MP+9 Str+4}
 47109 | Elf:3    | Identified the cursed +1 robe of Unlunu {MP+9 Slay+2}
 47109 | Elf:3    | Identified the ring "Quhurr" {rPois rF+ Int+4}
 47598 | Elf:3    | Identified Sif Muna's Disquisition on Creative Flight
 47632 | Elf:3    | Identified Yjyor's Tome of Igneous Bewitchment
 48160 | Snake:1  | Entered Level 1 of the Snake Pit
 48438 | Snake:1  | Found Caet's Distillery.
 48847 | Snake:1  | Noticed Louise
 48854 | Snake:1  | Killed Louise
 48960 | Snake:1  | Noticed Frances
 48964 | Snake:1  | Killed Frances
 49344 | Snake:2  | Offered knowledge of Iron Shot by Vehumet.
 49345 | Snake:2  | Noticed Saint Roka
 49351 | Snake:2  | Killed Saint Roka
 50095 | Snake:2  | Reached skill level 21 in Spellcasting
 50249 | Snake:2  | Reached skill level 15 in Conjurations
 50337 | Snake:2  | Noticed Vashnia
 50359 | Snake:2  | Killed Vashnia
 50359 | Snake:2  | Reached XP level 19. HP: 112/112 MP: 25/46
 50898 | Snake:3  | Reached skill level 15 in Fire Magic
 52214 | Snake:4  | Entered Level 4 of the Snake Pit
 52480 | Snake:4  | Reached ****** piety under Vehumet
 53016 | Snake:4  | Offered knowledge of Fire Storm by Vehumet.
 53016 | Snake:4  | Offered knowledge of Glaciate by Vehumet.
 53016 | Snake:4  | Offered knowledge of Chain Lightning by Vehumet.
 53100 | Snake:4  | Learned a level 9 spell: Fire Storm
 53315 | Snake:4  | Reached skill level 22 in Spellcasting
 53999 | Snake:4  | Got a serpentine rune of Zot
 54454 | Vaults:1 | Entered Level 1 of the Vaults
 54553 | Vaults:1 | Reached XP level 20. HP: 115/117 MP: 37/48
 55496 | Vaults:1 | Reached skill level 23 in Spellcasting
 55805 | Vaults:1 | You fall through a shaft!
 55916 | Vaults:2 | Found Viri's Jewellery Shop.
 57899 | Vaults:3 | Noticed Margery
 57906 | Vaults:3 | Killed Margery
 57906 | Vaults:3 | Reached XP level 21. HP: 111/122 MP: 42/50
 58003 | Vaults:3 | Found Reuxuxoh's Gadget Boutique.
 58273 | Vaults:3 | Noticed Jory
 58279 | Vaults:3 | Killed Jory
 58484 | Vaults:3 | Found a staircase to the Crypt.
 58484 | Vaults:3 | Found an ancient bone altar of Kikubaaqudgha.
 58485 | Vaults:3 | Found a basalt altar of Yredelemnul.
 58531 | Vaults:3 | Reached skill level 24 in Spellcasting
 59840 | Vaults:4 | Found a ruined gateway.
 61250 | Vaults:5 | Entered Level 5 of the Vaults
 61251 | Vaults:5 | Reached skill level 25 in Spellcasting
 61252 | Vaults:5 | Reached XP level 22. HP: 127/127 MP: 53/53
 61474 | Depths:1 | Entered Level 1 of the Depths
 61617 | Depths:1 | Reached skill level 26 in Spellcasting
 61721 | Depths:1 | Found a gateway to a ziggurat.
 62075 | Depths:1 | Found Qicousis's Antique Weapon Emporium.
 62077 | Depths:1 | Found Yniliu's Weapon Shoppe.
 62079 | Depths:1 | Found Lonuq's Book Emporium.
 62327 | Depths:1 | Found a shadowy altar of Dithmenos.
 62488 | Depths:1 | Found a one-way gate to the infinite horrors of the Abyss.
 62556 | Depths:1 | Reached skill level 27 in Spellcasting
 62602 | Depths:1 | Learned a level 2 spell: Sublimation of Blood
 63236 | Depths:2 | Noticed a juggernaut
 63292 | Depths:1 | HP: 1/130 [juggernaut (35)]
 63308 | Depths:1 | Killed a juggernaut
 64236 | Depths:2 | You fall through a shaft!
 64239 | Depths:3 | Reached XP level 23. HP: 114/138 MP: 32/56
 64893 | Depths:2 | Identified the Grimoire of Hadjma
 65166 | Depths:2 | Identified the ring of Ashenzari's Regard {rPois rC++
                  | Stlth-}
 65181 | Depths:2 | Identified the +2 faerie dragon scales {rF+ rCorr Str+2
                  | Dex+3}
 65181 | Depths:2 | Noticed the Enchantress
 65191 | Depths:2 | Killed the Enchantress
 65865 | Depths:3 | Found Rageumoq's Jewellery Boutique.
 66062 | Depths:3 | Reached skill level 15 in Fighting
 66214 | Depths:2 | Upgraded the game from 0.23-a0-607-g760965b to
                  | 0.23-a0-612-gcb482e9
 67845 | Depths:4 | Reached XP level 24. HP: 150/150 MP: 44/56
 68047 | Depths:4 | Noticed an ancient lich
 68050 | Depths:4 | Killed an ancient lich
 68072 | Depths:4 | Identified the +9 glaive of the Present {freeze, *Corrode
                  | Str+3 Dex+6 SInv}
 68072 | Depths:4 | Identified the ring "Matul" {Wiz Dex+3}
 68075 | Depths:4 | Reached skill level 15 in Evocations
 68164 | Depths:4 | Learned a level 9 spell: Shatter
 68181 | Depths:4 | Reached skill level 1 in Earth Magic
 68195 | Depths:4 | Identified the +8 dagger of Vyfim {speed, rC+}
 68283 | Depths:4 | Identified Riddoy Qagy's Guide on Confrontation and the
                  | Compass
 68440 | Depths:4 | Found Kaut Facu's Jewellery Boutique.
 68440 | Depths:4 | Found Dint's Gadget Emporium.
 68441 | Depths:4 | Found Zoaxtu's Jewellery Boutique.
 68797 | Depths:5 | Entered Level 5 of the Depths
 68797 | Depths:5 | Noticed Sojobo
 68801 | Depths:5 | Killed Sojobo
 68801 | Depths:5 | Reached skill level 5 in Earth Magic
 68838 | Depths:5 | Found a flickering gateway to a bazaar.
 68847 | Bazaar   | Entered a bazaar
 68847 | Bazaar   | Found Alenuynt's Weapon Boutique.
 68847 | Bazaar   | Found Qouck's Weapon Emporium.
 68847 | Bazaar   | Found Ewniuni's General Store.
 68862 | Bazaar   | Found Juots's Jewellery Shoppe.
 68862 | Bazaar   | Found Foac's Book Shoppe.
 68882 | Bazaar   | Bought a book of Annihilations for 2097 gold pieces
 68888 | Bazaar   | Bought a wand of digging (6) for 240 gold pieces
 68888 | Bazaar   | Bought 2 scrolls of identify for 48 gold pieces
 68903 | Bazaar   | Learned a level 8 spell: Lehudib's Crystal Spear
 69099 | Depths:5 | Identified the +10 hunting sling "Enlil" {freeze, MR+
                  | Str+3}
 69446 | Depths:4 | Found a portal to a secret trove of treasure.
 69450 | Depths:4 | You fall through a shaft!
 69749 | Depths:5 | Reached skill level 10 in Earth Magic
 70424 | Depths:5 | Found a gate to the Realm of Zot.
 71026 | Slime:1  | Entered Level 1 of the Pits of Slime
 71337 | Slime:5  | Entered Level 5 of the Pits of Slime
 71446 | Slime:5  | Noticed the Royal Jelly
 71449 | Slime:5  | Killed the Royal Jelly
 71449 | Slime:5  | Reached XP level 25. HP: 155/155 MP: 33/56
 71679 | Slime:5  | Identified the Catalogue of Feathers
 71716 | Slime:5  | Found the +8 longbow "Zephyr" {speed, Dex+3 SInv}
 71763 | Slime:5  | Got a slimy rune of Zot
 71784 | Slime:5  | Got a vibrating silver amulet
 71788 | Slime:5  | Identified the amulet of the Purple Skies {Gourm MR- Int+8
                  | SInv Stlth-} (You found it on level 5 of the Pits of Slime)
 71798 | Slime:5  | Identified the Guide on Protection
 71824 | Slime:5  | Got a smoking granite ring
 71825 | Slime:5  | Identified the ring "Zeptiock" {Str+4 Dex+10 Stlth+} (You
                  | found it on level 5 of the Pits of Slime)
 72024 | Shoals:1 | Entered Level 1 of the Shoals
 72177 | Shoals:1 | Reached skill level 15 in Earth Magic
 73041 | Shoals:2 | Identified the +1 robe of Ponoox {rElec Regen+} (You found
                  | it on level 2 of the Shoals)
 73407 | Shoals:3 | Found a runed door.
 73407 | Shoals:3 | Noticed pidr's ghost (adept OpAs)
 73435 | Shoals:3 | Killed pidr's ghost
 73481 | Shoals:3 | Found a frozen archway.
 73492 | IceCv    | Entered an ice cave
 74359 | Shoals:3 | Identified the +2 leather armour "Motac" {Int+4 Stlth+}
                  | (You found it on level 3 of the Shoals)
 74497 | Shoals:4 | Entered Level 4 of the Shoals
 74864 | Shoals:4 | Identified a scroll of acquirement
 74874 | Shoals:4 | Found the -2 hat of the Alchemist {rElec rPois rF+ rC+ rN+
                  | MR+ rMut rCorr}
 74915 | Shoals:4 | Found the +2 pair of boots of the Assassin {Detection Stab+
                  | Stlth++}
 75047 | Shoals:4 | Found a runed gate.
 75047 | Shoals:4 | Found a runed gate.
 75047 | Shoals:4 | Found a runed gate.
 75047 | Shoals:4 | Noticed Amnesiac's ghost (adept SpEn)
 75048 | Shoals:4 | Noticed EnegeticOcto's ghost (adept HuAK)
 75048 | Shoals:4 | Noticed Nr616's ghost (adept MiBe)
 75131 | Shoals:4 | Found the +8 demon blade "Leech" {vamp, rN+ AC-3 EV-3}
 75888 | Shoals:4 | Got a barnacled rune of Zot
 75948 | Shoals:4 | Killed Amnesiac's ghost
 75953 | Shoals:4 | Killed EnegeticOcto's ghost
 75954 | Shoals:4 | Killed Nr616's ghost
 76181 | Snake:1  | Bought a potion of agility for 60 gold pieces
 76506 | Depths:4 | You paid a toll of 8 potions of agility to enter a treasure
                  | trove
 76507 | Trove    | Entered a treasure trove
 76511 | Trove    | Found the +3 pair of gauntlets of War {Slay+5}
 76536 | Trove    | Identified a +0 pair of boots of running (You found it in a
                  | treasure trove)
 76565 | Trove    | Got a slimy buckler
 76571 | Trove    | Got a pair of scorched gloves
 76575 | Trove    | Got a bloodstained helmet
 76579 | Trove    | Got a bloodstained helmet
 76590 | Trove    | Got a brightly glowing robe
 76610 | Trove    | Identified the cursed +0 pair of gloves "Pyxehimu" {SInv}
                  | (You found it in a treasure trove)
 76611 | Trove    | Identified the +2 helmet "Ewus" {rF+ MP+9 Dex+5} (You found
                  | it in a treasure trove)
 76612 | Trove    | Identified the +1 helmet of Coronation {-Tele rElec MR-
                  | Dex+8} (You found it in a treasure trove)
 76613 | Trove    | Identified the +1 robe "Erugus" {rF+ Stlth+} (You found it
                  | in a treasure trove)
 76614 | Trove    | Identified the +0 buckler of Ru's Outrage {rN+} (You found
                  | it in a treasure trove)
 77295 | Vaults:4 | Learned a level 8 spell: Controlled Blink
 77425 | Vaults:5 | Reached skill level 5 in Translocations
 77427 | Vaults:5 | Reached XP level 26. HP: 123/160 MP: 46/56
 77459 | Vaults:5 | Paralysed by a sphinx for 5 turns
 77460 | Vaults:5 | Identified the ring "Mahuno Zeho" {+Fly Str+6}
 77460 | Vaults:5 | Identified the ring "Ripheqit" {rElec Dex+5}
 77642 | Vaults:5 | Reached skill level 10 in Translocations
 77877 | Vaults:5 | Got a silver rune of Zot
 78010 | Vaults:5 | Identified the amulet of Wicwaupi {Reflect rF++ MP-9 Int+5
                  | SH+2}
 78035 | Vaults:5 | Identified Sif Muna's Collected Works on the Venomous
                  | Frostbite
 78074 | Vaults:5 | Identified the Collected Works on Hexes and Ice
 78077 | Vaults:5 | Identified the Volume of Transmutation and Intoxication
 78145 | Vaults:5 | Identified the cursed +1 falchion "Ninubat" {venom, rPois
                  | rF+ Str+3 Dex+3}
 78155 | Vaults:5 | Found the +12 glaive of Prune {chop}
 78155 | Vaults:5 | Found the +5 robe of Night {Dark MR+ SInv}
 78881 | Crypt:1  | Entered Level 1 of the Crypt
 78889 | Crypt:1  | Noticed Mennas
 78892 | Crypt:1  | Killed Mennas
 78992 | Crypt:1  | Noticed Frederick
 78999 | Crypt:1  | Killed Frederick
 79080 | Crypt:1  | Reached skill level 15 in Translocations
 80813 | Crypt:3  | Entered Level 3 of the Crypt
 80850 | Crypt:3  | Noticed Boris
 80853 | Crypt:3  | Killed Boris
 81000 | Crypt:3  | Reached XP level 27. HP: 165/165 MP: 44/56
 81081 | Crypt:3  | Noticed an ancient lich
 81104 | Crypt:3  | Killed an ancient lich
 81287 | Crypt:3  | Found an ancient bone altar of Kikubaaqudgha.
 81304 | Crypt:3  | Found a staircase to the Tomb.
 81756 | Crypt:3  | Found the +2 cloak of the Thief {+Fog Slay-2 SInv Stlth+}
 82583 | Orc:2    | Bought the ring of Hueraor {rPois rN++ Stlth-} for 350 gold
                  | pieces
 82749 | Zig:1    | Entered Level 1 of a ziggurat
 82783 | Zig:2    | Entered Level 2 of a ziggurat
 82827 | Zig:3    | Entered Level 3 of a ziggurat
 82867 | Zig:4    | Entered Level 4 of a ziggurat
 82995 | Zig:5    | Entered Level 5 of a ziggurat
 83054 | Zig:6    | Entered Level 6 of a ziggurat
 83110 | Zig:7    | Entered Level 7 of a ziggurat
 83224 | Zig:8    | Entered Level 8 of a ziggurat
 83255 | Zig:8    | Identified Ozo Cauv's Reference Book on Helpful Bewitchment
 83300 | Zig:9    | Entered Level 9 of a ziggurat
 83413 | Zig:10   | Entered Level 10 of a ziggurat
 83494 | Zig:11   | Entered Level 11 of a ziggurat
 83504 | Zig:11   | Reached skill level 1 in Armour
 83506 | Zig:11   | Lost strength.
 83547 | Zig:11   | Got a flickering sapphire amulet
 83611 | Zig:11   | Identified the amulet of Bodily Harmony {rN++ Regen+ SInv}
                  | (You found it on level 11 of a ziggurat)
 83621 | Zig:12   | Entered Level 12 of a ziggurat
 83634 | Zig:12   | Reached skill level 10 in Necromancy
 83635 | Zig:12   | Reached skill level 5 in Armour
 83644 | Zig:12   | Slain by an angel

Vault maps used:
D:1:      scummos_arrival_hexagon
D:2:      lemuel_zombie_altar_kikubaaqudgha, bloody_makhleb,
          chequers_ecumenical_altar_grove, minmay_misc_feat_pillars
D:3:      nicolae_dithmenos_through_a_glass_darkly,
          hangedman_decor_clover_reticule, minmay_misc_feat_roman,
          kennysheep_generic_room_8, uniq_ijyb
D:4:      cheibrodos_quashed, first_ration, hex_tiny, uniq_eustachio
D:6:      lemuel_slime, minmay_temple_entry_junction_2, uniq_duvessa
D:7:      grunt_livestock
D:8:      kennysheep_okawaru_gauntlet, uniq_prince_ribbit1, uniq_psyche
D:9:      gammafunk_ghost_cemetery
D:10:     lair_entry_dummy, tgw_sif
D:11:     kennysheep_orc_monster_closet_entryway, minmay_fountain_box,
          uniq_josephine
D:12:     stair_cage_line
D:13:     serial_shops, shop
D:14:     ximxim_vaults_locker_room, minmay_misc_feat_room, serial_shops,
          nicolae_shop_crystal
D:15:     grunt_enter_depths_snipers, minmay_misc_feat_ornament, serial_shops,
          bzr_entry_dummy, serial_park_tiny_1, evilmike_ruin_ashenzari
Temple:   hc_temple_tempest_star
Lair:1:   beast_lair_carwin_large_2, st_stairs_7, infiniplex_staircase_pool
Lair:2:   minmay_shoals_entry_beasts, gauntlet_entry_generic,
          nicolae_quartered_pool_medium, serial_bayou_shore_a
Lair:3:   guppyfry_snake_entry_island, tgw_fedhas
Lair:4:   disabler_island, serial_bayou_shore_b, grunt_megastairs_5
Lair:5:   grunt_megastairs_1, minmay_lair_oklob_chamber
Lair:6:   evil_forest, minmay_slime_entry_eyes, uniq_sonja, uniq_kirke
Shoals:3: portal_ice_cave_entry_pillars_1, gammafunk_ghost_grave
Shoals:4: shoals_end_grunt_ice, gammafunk_ghost_cemetery, ldierk_geyser,
          nicolae_shoals_cliffside_cave, nicolae_shoals_undead_eyrie
Snake:1:  serial_shops, nicolae_shop_behind_doors, uniq_frances, uniq_louise
Snake:2:  uniq_saint_roka, uniq_vashnia
Snake:3:  guppyfry_library_mini, serial_bayou_shore_b
Snake:4:  johnstein_snake_rune_scales
Slime:2:  nicolae_slime_round_cave
Slime:3:  nicolae_slime_ancient_tower_intersection
Slime:4:  nicolae_slime_phagocytosis
Orc:1:    serial_shops
Orc:2:    pf_orc_diabolical, serial_shops, shop, shop_coins, shop_scrolls,
          lightli_orcish_oven, uniq_azrael
Elf:1:    eino_elf_arrival_altar, orc_legates
Elf:2:    columned_hall_lemuel, uniq_agnes
Elf:3:    minmay_elf_hall_statues, minivault_25, uniq_roxanne
Vaults:1: hangedman_vaults_cutoff, vaults_room_fours, ontoclasm_vaults_pinch,
          nicolae_vaults_ninety_degrees, nicolae_vaults_windows_and_doors_thing,
          grunt_vaults_hallway_short, vaults_room_grid,
          nicolae_vaults_little_squares_3, vaults_dpeg_hooks, v_misc_2,
          nicolae_vaults_yaktaur_gun_rack
Vaults:2: vaults_room_door_hall, vaults_dpeg_encased_lava, stair_cage_open,
          vaults_room_octagon, nicolae_vaults_ring_of_whatevers, serial_shops,
          nicolae_shop_crystal
Vaults:3: ontoclasm_vaults_eye, v_misc_16, ontoclasm_vaults_twist,
          nicolae_vaults_circle_grid_b, st_cross, vaults_dpeg_diagonal,
          nicolae_vaults_network_periphery, grunt_vaults_hallway_short,
          grunt_vaults_bifocal, grunt_vaults_swirl,
          minmay_crypt_entry_necro_gods, v_misc_17, v_pattern_4,
          vaults_room_grid, serial_shops, shop_fountains, uniq_jory,
          uniq_margery
Vaults:4: v_misc_25, vaults_room_door_ring, v_misc_23, hangedman_vaults_corner,
          serial_ice_g, vaults_room_fours, nicolae_vaults_twisting_passages,
          v_misc_14, nicolae_vaults_asterisk, v_misc_30, v_pattern_2, v_misc_4,
          nicolae_vaults_little_squares_1, portal_desolation_entry_ruin
Crypt:1:  glass_columns_b, grunt_ministairs_8, uniq_mennas, uniq_frederick
Crypt:3:  cryptofortress_bobbens, uniq_boris
Depths:1: enter_ziggurat_f, corexii_leaking_fountain, abyss_entry, hell_entry,
          kennysheep_small_circle, minmay_shop_star
Depths:2: minmay_the_grid_octo_tiled_squarecenter_mashed, grunt_mini_vestibule,
          uniq_enchantress
Depths:3: hangedman_cross_stitches, pan_entry, pf_dread_powers_of_hell,
          serial_shops, shop, minmay_door_square
Depths:4: minmay_nine_rooms, nicolae_twisting_strands, hell_entry,
          enter_trove_2, hangedman_abyss_entry_splay, rand_demon_pan_entry_7,
          minmay_shop_grove, infiniplex_staircase_spiral
Depths:5: grunt_twist_and_shout, hell_entry, serial_shops, bzr_entry_water,
          abyss_entry, serial_glass, glass_columns_a, glass_columns_a,
          grunt_pan_entry_zigzag, uniq_sojobo
Zig:11:   ziggurat_pillar_centre_smoke
Bazaar:   bazaar_kb_twisted_cavern, bazaar_jpeg_oval
Trove:    trove_armour_2
IceCv:    ice_cave_statue_garden_chambered
Gauntlet: gammafunk_gauntlet_shortcut

Skill      XL: |  1  2  3  4  5  6  7  8  9 10 11 12 13 14 15 16 17 18 19 20 21 22 23 24 25 26 27 |
---------------+----------------------------------------------------------------------------------+-----
Fighting       | 1 2 3 4 5 7 10 12 15 | 15.0
Dodging        | 3 4 6 7 10 12 | 12.5
Conjurations   | 2 3 4 6 8 9 10 11 13 15 16 18 19 20 | 20.0
Spellcasting   | 5 6 7 8 10 11 13 14 16 18 19 21 22 23 25 27 | 27.0
Shields        | 1 2 3 4 |  4.1
Evocations     | 3 6 7 10 13 15 | 15.5
Fire Magic     | 5 6 7 8 10 12 14 16 17 19 20 | 20.0
Necromancy     | 2 5 11 | 11.3
Charms         | 4 6 |  6.0
Translocations | 2 5 16 17 | 17.0
Poison Magic   | 4 5 8 |  8.0
Air Magic      | 6 |  6.0
Earth Magic    | 14 19 20 | 20.0
Armour         | 6 |  6.0
Stealth        | |  2.4
Summonings     | |  1.1

Action                   |  1- 3 |  4- 6 |  7- 9 | 10-12 | 13-15 | 16-18 | 19-21 | 22-24 | 25-27 || total
-------------------------+-------+-------+-------+-------+-------+-------+-------+-------+-------++-------
Melee: Dagger            |       |       |    55 |    33 |       |       |       |       |       ||    88
       Rapier            |       |       |       |    15 |       |       |       |       |       ||    15
       Staff             |       |       |       |       |     3 |       |     1 |     3 |     1 ||     8
 Cast: Magic Dart        |   103 |   125 |   267 |   369 |       |       |       |       |       ||   864
       Call Imp          |     2 |       |     2 |       |       |       |       |       |       ||     4
       Conjure Flame     |       |     9 |    31 |    25 |       |       |       |       |       ||    65
       Mephitic Cloud    |       |     5 |    12 |     7 |       |       |       |       |       ||    24
       Blink             |       |     3 |    10 |    23 |    11 |    11 |       |     4 |     7 ||    69
       Sticky Flame      |       |       |       |    43 |    11 |    13 |       |       |       ||    67
       Fireball          |       |       |       |   128 |   137 |   307 |    22 |     9 |     2 ||   605
       Regeneration      |       |       |       |     1 |       |     6 |     3 |     3 |    12 ||    25
       Bolt of Draining  |       |       |       |    11 |    74 |    14 |       |       |       ||    99
       Poison Arrow      |       |       |       |       |    15 |    48 |    17 |    41 |       ||   121
       Bolt of Fire      |       |       |       |       |       |   326 |   524 |   531 |   284 ||  1665
       Orb of Destructio |       |       |       |       |       |    47 |     4 |    15 |       ||    66
       Ignition          |       |       |       |       |       |     7 |    51 |    53 |     8 ||   119
       Deflect Missiles  |       |       |       |       |       |     2 |     4 |     6 |     2 ||    14
       Fire Storm        |       |       |       |       |       |       |     3 |     9 |    46 ||    58
       Lehudib's Crystal |       |       |       |       |       |       |       |    33 |    71 ||   104
       Shatter           |       |       |       |       |       |       |       |       |   134 ||   134
       Controlled Blink  |       |       |       |       |       |       |       |       |     2 ||     2
Evoke: Wand              |       |       |       |    26 |     5 |    21 |       |     3 |       ||    55
       Phial of floods   |       |       |       |       |       |     1 |       |       |       ||     1
       Staff of energy   |       |       |       |       |       |       |    11 |    73 |    53 ||   137
       Box of beasts     |       |       |       |       |       |       |       |       |     1 ||     1
  Use: Scroll            |       |    10 |     3 |    11 |     4 |    12 |     3 |     9 |    23 ||    75
       Potion            |       |       |       |     1 |     2 |     4 |       |     1 |     2 ||    10
 Stab: Confused          |       |       |     4 |     1 |       |       |       |       |       ||     5
       Paralysed         |       |       |       |     3 |       |       |       |       |       ||     3
  Eat: Chunk             |     2 |    10 |    14 |    29 |    17 |    38 |    24 |    26 |    18 ||   178
       Ration            |       |       |       |     5 |     4 |     9 |     3 |     3 |     7 ||    31
Armor: Robe              |     4 |    12 |       |    17 |     8 |    32 |    18 |    24 |    80 ||   195
       Leather armour    |       |       |    23 |    12 |       |       |       |       |       ||    35
       Skin              |       |       |       |     6 |       |       |       |       |       ||     6
Dodge: Dodged            |    12 |    41 |    63 |   101 |    42 |   144 |   110 |   208 |   261 ||   982
       Deflected         |       |       |       |       |       |    32 |    35 |    44 |    16 ||   127
Block: Buckler           |       |     2 |    23 |    41 |    19 |    43 |    33 |    50 |    57 ||   268

Table legend:
 A = Non-vault XP
 B = Vault XP
 C = Vault XP percentage of total XP
 D = Non-vault monster count
 E = Vault monster count
 F = Vault count percentage of total count
                 A         B        C        D         E       F
            +---------+---------+-------+---------+---------+-------
      Total |  861033 |  722871 |  45.6 |    1645 |     918 |  35.8
            +---------+---------+-------+---------+---------+-------
        D:1 |      31 |       0 |   0.0 |      16 |       0 |   0.0
        D:2 |      95 |       3 |   3.1 |      31 |       2 |   6.1
        D:3 |     129 |      36 |  21.8 |      11 |       1 |   8.3
        D:4 |     473 |     345 |  42.2 |      24 |       4 |  14.3
        D:5 |    1968 |       0 |   0.0 |      33 |       0 |   0.0
        D:6 |     895 |    1341 |  60.0 |      19 |      24 |  55.8
        D:7 |     930 |     798 |  46.2 |      17 |       4 |  19.0
        D:8 |    1321 |     708 |  34.9 |      30 |       4 |  11.8
        D:9 |    2687 |    1661 |  38.2 |      24 |       2 |   7.7
       D:10 |    5119 |     535 |   9.5 |      18 |       2 |  10.0
       D:11 |    3618 |    3697 |  50.5 |      33 |      26 |  44.1
       D:12 |    8149 |       0 |   0.0 |      44 |       0 |   0.0
       D:13 |    5974 |       0 |   0.0 |      21 |       0 |   0.0
       D:14 |    3836 |    2175 |  36.2 |      15 |      11 |  42.3
       D:15 |    7155 |    2291 |  24.3 |      22 |       3 |  12.0
     Temple |      33 |       0 |   0.0 |       1 |       0 |   0.0
     Lair:1 |    3476 |     604 |  14.8 |      14 |       6 |  30.0
     Lair:2 |    4106 |     764 |  15.7 |      19 |       2 |   9.5
     Lair:3 |    3815 |     735 |  16.2 |      11 |       2 |  15.4
     Lair:4 |   10444 |    1799 |  14.7 |      33 |       9 |  21.4
     Lair:5 |    3866 |    4054 |  51.2 |      18 |      12 |  40.0
     Lair:6 |    8518 |   13384 |  61.1 |      27 |      33 |  55.0
   Shoals:1 |   12076 |       0 |   0.0 |      26 |       0 |   0.0
   Shoals:2 |    4990 |       0 |   0.0 |      13 |       0 |   0.0
   Shoals:3 |    8048 |    1987 |  19.8 |      20 |       1 |   4.8
   Shoals:4 |   18316 |   31242 |  63.0 |      38 |      41 |  51.9
    Snake:1 |    6337 |    4045 |  39.0 |      12 |       2 |  14.3
    Snake:2 |   27880 |   13887 |  33.2 |      50 |      18 |  26.5
    Snake:3 |   16602 |    4414 |  21.0 |      31 |       9 |  22.5
    Snake:4 |   13856 |   40752 |  74.6 |      25 |      63 |  71.6
    Slime:1 |    1684 |       0 |   0.0 |       6 |       0 |   0.0
    Slime:3 |    6992 |       0 |   0.0 |       9 |       0 |   0.0
    Slime:4 |    4152 |    1065 |  20.4 |       6 |       4 |  40.0
    Slime:5 |    5875 |   34664 |  85.5 |      12 |      14 |  53.8
      Orc:1 |    2889 |       0 |   0.0 |      23 |       0 |   0.0
      Orc:2 |    5546 |   20675 |  78.8 |      38 |      80 |  67.8
      Elf:1 |   13623 |   14059 |  50.8 |      25 |      34 |  57.6
      Elf:2 |   12887 |    6139 |  32.3 |      22 |       5 |  18.5
      Elf:3 |   18838 |   43896 |  70.0 |      33 |      25 |  43.1
   Vaults:1 |   50619 |   17765 |  26.0 |      92 |      30 |  24.6
   Vaults:2 |   39616 |    1298 |   3.2 |      60 |       2 |   3.2
   Vaults:3 |   27772 |   32689 |  54.1 |      45 |      47 |  51.1
   Vaults:4 |   26800 |   28346 |  51.4 |      35 |      45 |  56.2
   Vaults:5 |   16138 |  134259 |  89.3 |      17 |     100 |  85.5
    Crypt:1 |   43822 |   15883 |  26.6 |      53 |       8 |  13.1
    Crypt:2 |   28295 |       0 |   0.0 |      38 |       0 |   0.0
    Crypt:3 |       0 |   73312 | 100.0 |       0 |      93 | 100.0
   Depths:1 |   62611 |   11592 |  15.6 |      73 |       5 |   6.4
   Depths:2 |   46449 |   52619 |  53.1 |      56 |      50 |  47.2
   Depths:3 |   69242 |   15714 |  18.5 |      82 |      14 |  14.6
   Depths:4 |   34475 |   38551 |  52.8 |      49 |      26 |  34.7
   Depths:5 |   41119 |   35710 |  46.5 |      41 |      19 |  31.7
      Zig:1 |    1571 |       0 |   0.0 |       2 |       0 |   0.0
      Zig:2 |    3460 |       0 |   0.0 |       2 |       0 |   0.0
      Zig:3 |    2466 |       0 |   0.0 |       5 |       0 |   0.0
      Zig:4 |    6195 |     437 |   6.6 |       8 |       1 |  11.1
      Zig:5 |   12019 |       0 |   0.0 |       6 |       0 |   0.0
      Zig:6 |    4260 |       0 |   0.0 |      11 |       0 |   0.0
      Zig:7 |    7024 |      32 |   0.5 |      12 |       1 |   7.7
      Zig:8 |   10780 |       0 |   0.0 |      13 |       0 |   0.0
      Zig:9 |   15053 |       0 |   0.0 |      11 |       0 |   0.0
     Zig:10 |   14333 |       0 |   0.0 |      21 |       0 |   0.0
     Zig:11 |   16028 |       0 |   0.0 |      25 |       0 |   0.0
     Zig:12 |   23657 |       0 |   0.0 |      18 |       0 |   0.0
      IceCv |       0 |    7514 | 100.0 |       0 |      22 | 100.0
   Gauntlet |       0 |    5395 | 100.0 |       0 |      12 | 100.0
            +---------+---------+-------+---------+---------+-------
